 Dungeon Crawl Stone Soup version 0.18-a0-1225-g5d63bca (webtiles) character file.

641 Chiseanne the Skirmisher (level 7, -1/61 HPs)
             Began as a Centaur Air Elementalist on Feb 3, 2016.
             Slain by a phantom (5 damage)
             ... on level 6 of the Dungeon.
             The game lasted 00:10:39 (6260 turns).

Chiseanne the Skirmisher (Centaur Air Elementalist) Turns: 6260, Time: 00:10:40

Health: -1/61      AC:  8    Str: 11    XL:     7   Next: 26%
Magic:  9/9        EV:  7    Int: 16    God:
Gold:   206        SH:  4    Dex: 11    Spells: 1 memorised, 8 levels left

rFire  . . .     SeeInvis .     a - +2 hand axe (chop)
rCold  . . .     Gourm    .     p - +0 scale mail
rNeg   . . .     Faith    .     (no shield)
rPois  .         Spirit   .     (no helmet)
rElec  .         Dismiss  .     m - +0 cloak
rCorr  .         Reflect  +     (no gloves)
SustAt .         Harm     .     (no barding)
MR     .....                    t - +4 amulet of reflection
Stlth  ..........               y - +2 ring of dexterity
                                r - ring of flight

@: drained, very quick, not resistant to hostile enchantments, extremely
unstealthy
A: hooves 3, deformed body, speed 2, tough skin 3
a: Evoke Flight


You were on level 6 of the Dungeon.
You were not hungry.

You visited 1 branch of the dungeon, and saw 6 of its levels.

You collected 206 gold pieces.

Inventory:

Hand Weapons
 a - a +2 hand axe of chopping (weapon)
 w - a +0 blowgun
 x - a +0 antimagic short sword
Missiles
 d - 21 sling bullets
 j - 16 poisoned needles
 k - 3 arrows of flame
 B - 21 bolts
 D - 8 arrows of dispersal
Armour
 m - a +0 cloak (worn)
 p - a +0 scale mail (worn)
Jewellery
 r - a ring of flight (left hand)
 t - a +4 amulet of reflection (around neck)
 y - a +2 ring of dexterity (right hand)
Scrolls
 f - a scroll of magic mapping
 n - 2 scrolls of teleportation
 u - 2 scrolls of remove curse
Potions
 g - 3 potions of brilliance
 h - a potion of cancellation {unknown}
 l - 2 potions of cure mutation
 o - a potion of mutation {unknown}
 q - 2 potions of haste
 s - a potion of agility {unknown}
 z - 2 potions of poison {unknown}
 A - a potion of might {unknown}
Books
 b - a book of Air

   Spells                             Type                      Level
   a - Shock                          Conjuration/Air              1
   b - Swiftness                      Charms/Air                   2
   c - Repel Missiles                 Charms/Air                   2
   d - Static Discharge               Conjuration/Air              3
   e - Lightning Bolt                 Conjuration/Air              5
Miscellaneous
 e - a plain deck of changes
Comestibles
 c - 4 bread rations
 i - 7 fruits
 v - a meat ration
 C - 2 chunks of flesh


   Skills:
 + Level 5.3(5.2) Fighting
 * Level 4.1(4.0) Armour
 - Level 1.3 Dodging
 - Level 1.2(1.1) Stealth
 - Level 1.5(1.4) Spellcasting
 - Level 0.8(0.7) Conjurations
 - Level 2.6 Air Magic


You had 8 spell levels left.
You knew the following spells:

 Your Spells              Type           Power        Failure   Level  Hunger
a - Shock                 Conj/Air       #...         63%         1    ##.....


Dungeon Overview and Level Annotations

Branches:
Dungeon (6/15)
 Temple: D:4-7

Altars:
Nemelex Xobeh
Pakellas
Sif Muna
Zin


Innate Abilities, Weirdness & Mutations

You have hooves in place of feet.
Armour fits poorly on your strangely shaped body.
You cover ground very quickly.
You have extremely tough skin (AC +3).


Message History

The phantom hits you.
* * * LOW HITPOINT WARNING * * *
Your scale mail prevents you from hitting the phantom.
The phantom is heavily damaged.
The phantom blinks!
The phantom hits you.
* * * LOW HITPOINT WARNING * * *
You barely miss the phantom. You kick the phantom.
The phantom is heavily damaged.
The phantom hits you.
* * * LOW HITPOINT WARNING * * *
You barely miss the phantom.
The phantom is heavily damaged.
You block the phantom's attack.
You hit the phantom. You kick the phantom, but do no damage.
The phantom is severely damaged.
The phantom hits you.
* * * LOW HITPOINT WARNING * * *
The phantom hits you.
You die...

#.#.# #5#.# #.#.#
#.#(# #.#(#
#.########
#.....)..# # #
#.########.##.#....
#........@W[......#
############.......
#.#..## .# .# . ##


You could see a phantom.

Vanquished Creatures
  An orc warrior (D:6)
  2 crimson imps
  A hound (D:4)
  A jelly (D:5)
  A centaur skeleton (D:5)
  A giant frog skeleton (D:5)
  3 orc wizards (D:5)
  2 worker ants
  2 hound skeletons
  A worker ant zombie (D:5)
  9 adders
  An ooze (D:2)
  An adder skeleton (D:4)
  2 adder zombies (D:5)
  2 worms
  A giant gecko (D:4)
  15 orcs
  A ball python (D:1)
  5 giant cockroaches
  6 goblins
  9 hobgoblins
  3 jackals (D:4)
  7 kobolds
  A quokka (D:4)
  9 bats
  A giant cockroach zombie (D:5)
  A giant gecko skeleton (D:4)
  A giant gecko zombie (D:5)
  4 giant newts
  A quokka skeleton (D:5)
  A quokka zombie (D:5)
  7 rats
103 creatures vanquished.

Vanquished Creatures (others)
  A kobold (D:3)
1 creature vanquished.

Grand Total: 104 creatures vanquished

Notes
Turn   | Place    | Note
--------------------------------------------------------------
     0 | D:1      | Chiseanne the Centaur Air Elementalist began the quest for the Orb.
     0 | D:1      | Reached XP level 1. HP: 14/14 MP: 3/3
   281 | D:1      | Reached skill level 1 in Fighting
   449 | D:1      | Reached XP level 2. HP: 9/24 MP: 4/4
  1139 | D:2      | Found a sparkling altar of Nemelex Xobeh.
  1258 | D:2      | Reached XP level 3. HP: 30/30 MP: 5/5
  1453 | D:2      | Found a deep blue altar of Sif Muna.
  1454 | D:2      | Found a glowing silver altar of Zin.
  1659 | D:2      | Reached skill level 3 in Fighting
  2545 | D:3      | Reached XP level 4. HP: 39/39 MP: 6/6
  2984 | D:3      | Found an oddly glowing altar of Pakellas.
  3356 | D:4      | Reached skill level 4 in Fighting
  3356 | D:4      | Reached skill level 1 in Armour
  3662 | D:4      | Reached XP level 5. HP: 44/46 MP: 7/7
  4671 | D:5      | Entered Level 5 of the Dungeon
  4701 | D:5      | Reached XP level 6. HP: 36/53 MP: 8/8
  5700 | D:5      | Reached skill level 5 in Fighting
  6189 | D:6      | Noticed an orc warrior
  6192 | D:6      | Reached XP level 7. HP: 57/61 MP: 9/9
  6260 | D:6      | Slain by a phantom

Vault maps used:
D:1:      lemuel_arrival_muddy, serial_forest, infiniplex_forest_corner_1,
          infiniplex_forest_straight_4, infiniplex_forest_lined_room_2,
          infiniplex_forest_lined_room_2, infiniplex_forest_lined_2,
          infiniplex_forest_lined_room_2, infiniplex_forest_lined_corner
D:2:      nemelex_deck, gammafunk_temple_overflow_statue, first_bread,
          minmay_splitting_lines, serial_bayou_pond_c
D:3:      grunt_pakellas_basics
D:5:      serial_undead, serial_undead_d, serial_undead_e, serial_undead_e,
          serial_undead_e
D:6:      uniq_prince_ribbit1

Action                   |  1- 3 |  4- 6 |  7- 9 || total
-------------------------+-------+-------+-------++-------
Melee: Unarmed           |    14 |       |       ||    14
       Hand axe          |   104 |   231 |    20 ||   355
       Dagger            |     5 |       |       ||     5
       Short sword       |       |    23 |       ||    23
 Fire: Blowgun           |       |    12 |     7 ||    19
 Cast: Shock             |     2 |       |       ||     2
  Use: Scroll            |     8 |     6 |       ||    14
       Potion            |       |     3 |       ||     3
  Eat: Chunk             |     4 |     9 |       ||    13
       Pizza             |       |     1 |       ||     1
